 Dungeon Crawl Stone Soup version 0.31-a0-1009-g454b1f1e0a (webtiles) character file.

Game seed: 8106768638131607657

386 olsaan the Slasher (level 6, 0/56 HPs)
             Began as a Minotaur Berserker on Nov 15, 2023.
             Was a Priest of Trog.
             Slain by an orc
             ... wielding a +0 trident
              (3 damage)
             ... on level 4 of the Dungeon.
             The game lasted 00:12:12 (4584 turns).

olsaan the Slasher (Minotaur Berserker)             Turns: 4584, Time: 00:12:14

Health: 0/56       AC:  5    Str: 24    XL:     6   Next: 48%
Magic:  5/5        EV: 11    Int:  4    God:    Trog [***...]
Gold:   235        SH:  0    Dex:  9    Spells: 5/5 levels left

rFire   . . .        a - +0 falchion
rCold   . . .        (no shield)
rNeg    . . .        i - +0 ring mail
rPois   +            (helmet restricted)
rElec   .            (no cloak)
rCorr   .            (no gloves)
SInv    .            (no boots)
Will    .....        (no amulet) Stlth
                     v - ring of poison resistance
HPRegen 0.29/turn    (no ring)
MPRegen 0.09/turn

%: no passive effects
@: no status effects
A: horns 2, retaliatory headbutt
a: Renounce Religion, Berserk, Trog's Hand


You were on level 4 of the Dungeon.
You worshipped Trog.
Trog was most pleased with you.
You visited 1 branch of the dungeon, and saw 4 of its levels.

You collected 235 gold pieces.

Inventory:

Hand Weapons
 a - a +0 falchion (weapon)
Missiles
 x - 3 boomerangs
Armour
 b - a +0 animal skin
 i - a +0 ring mail (worn)
 s - an orb of guile
Jewellery
 v - a ring of poison resistance (left hand)
Wands
 w - a wand of acid (9)
Scrolls
 c - a scroll of immolation {unknown}
 f - 2 scrolls of enchant weapon {unknown}
 g - 3 scrolls of fog {unknown}
 q - a scroll of fear {unknown}
 r - a scroll of silence {unknown}
 t - a scroll of blinking {unknown}
 u - 3 scrolls of identify {unknown}
Potions
 d - 3 potions of might {unknown}
 e - a potion of curing {unknown}
 h - 2 potions of enlightenment {unknown}
 j - a potion of magic {unknown}
 l - 3 potions of heal wounds {unknown}
 m - a potion of invisibility {unknown}
 n - a potion of ambrosia {unknown}
 o - a potion of mutation {unknown}
 p - a potion of brilliance {unknown}


   Skills:
 + Level 5.1 Fighting
 * Level 6.3 Long Blades
 + Level 4.2 Armour
 + Level 3.9 Dodging


You had 5 spell levels left.
You didn't know any spells.
Your spell library was empty.

Dungeon Overview and Level Annotations

Branches:
Dungeon (4/15)             Temple (0/1) D:4

Altars:


Innate Abilities, Weirdness & Mutations

You have a pair of horns on your head.
You reflexively headbutt those who attack you in melee.


Message History

You closely miss the orc. Your headbutt misses the orc.
The orc barely misses you. The orc hits you with a +0 hand axe.
You slash the orc!
You kill the orc!
Trog accepts your kill.
The orc throws a boomerang.
The boomerang misses you.
You closely miss the orc priest. The orc hits you but does no damage.
The orc priest barely misses you. You furiously retaliate!
You headbutt the orc priest. You hit the orc priest.
Your headbutt misses the orc priest.
The orc priest is heavily wounded.
The orc closely misses you.
The orc priest invokes the aid of Beogh against you.
Beogh smites you!
* * * LOW HITPOINT WARNING * * *
You completely miss the orc priest.
The orc priest is heavily wounded.
The orc hits you from afar with a +0 trident.
* * * LOW HITPOINT WARNING * * *
The orc priest hits you but does no damage.
You barely miss the orc priest. You headbutt the orc priest!
You kill the orc priest!
Trog accepts your kill. The orc barely misses you.
Throw: 2 throwing nets
Press: ? - help, Q - select action, (/) - cycle Shift-Dir - straight line, f - ogre
Aim: an ogre, wielding a +0 giant club (70% to hit)
You throw a throwing net.
The throwing net barely misses the ogre.
The throwing net closely misses the orc priest.
The orc hits you from afar with a +0 trident!
* * * LOW HITPOINT WARNING * * *
The ogre completely misses you.
Throw: throwing net
Press: ? - help, Q - select action, (/) - cycle Shift-Dir - straight line, f/p - ogre
Aim: an ogre, wielding a +0 giant club (70% to hit)
You throw a throwing net. The throwing net hits the ogre.
The ogre is caught in the net!
The orc hits you from afar with a +0 trident.
You die...

..........
.......(.#
.........#
.....%...#
#.#
.........#
#.#
.........#
#.#
(.....$oo#
#.#
#######O##
#.# ♣♣♣
#@# #.#
..♣♣♣
#.####.#
♣♣..♣♣♣
#......#
♣♣♣..♣♣♣
######.#
♣♣♣..♣♣
#.# ♣♣
♣♣♣.♣♣ #.#
.♣♣
♣♣.♣♣♣♣♣♣
#.# ♣.♣♣
♣♣)♣♣.♣.♣
#.# ♣♣.♣
♣......♣♣
#.#


You could see an ogre (caught), an orc priest and an orc.

Vanquished Creatures
  A scorpion (D:4)
  2 jellies (D:4)
  An orc priest (D:4)
  An iguana (D:4)
  Natasha (D:2)
  2 orc wizards (D:4)
  2 adders
  3 worms
  5 dart slugs
  5 orcs (D:4)
  9 endoplasms
  8 giant cockroaches
  6 goblins
  7 hobgoblins
  6 jackals
  5 quokkas
  8 ball pythons
  8 bats
  2 frilled lizards (D:1)
  3 kobolds
  7 rats
92 creatures vanquished.

Notes
Turn   | Place    | Note
-------+----------+-------------------------------------------
     0 | D:1      | olsaan the Minotaur Berserker began the quest for the Orb.
     0 | D:1      | Reached XP level 1. HP: 19/19 MP: 0/0
   161 | D:1      | Reached XP level 2. HP: 26/27 MP: 1/1
   182 | D:1      | Reached skill level 4 in Long Blades
   630 | D:1      | Reached ** piety under Trog
   631 | D:1      | Reached XP level 3. HP: 33/33 MP: 2/2
  1380 | D:2      | Reached XP level 4. HP: 40/40 MP: 3/3
  1806 | D:2      | Noticed Natasha
  1813 | D:2      | Killed Natasha
  1837 | D:2      | Reached skill level 5 in Long Blades
  2803 | D:4      | Reached XP level 5. HP: 41/47 MP: 4/4
  3588 | D:4      | Reached *** piety under Trog
  3657 | D:4      | Reached XP level 6. HP: 55/55 MP: 5/5
  3667 | D:4      | Reached skill level 6 in Long Blades
  3667 | D:4      | Found a staircase to the Ecumenical Temple.
  3764 | D:4      | Reached skill level 5 in Fighting
  4584 | D:4      | Slain by an orc

Illustrated notes

Levels and vault maps discovered:
D:1:      saegor_arrival_simple_d, layout_loops_ring, minivault_19,
          grunt_decor_fettered, minmay_stone_trees_small, minivault_5,
          lemuel_flame_loot_1
D:2:      layout_loops_cross, uniq_natasha
D:3:      layout_loops_corners
D:4:      kb_forest_paths, layout_basic, minmay_temple_entry_statues_fountains

Skill      XL: |  1  2  3  4  5  6 |
---------------+-------------------+-----
Long Blades    | 4 5 6 |  6.3
Fighting       | 4 5 |  5.1
Armour         | 3 4 |  4.2
Dodging        | 3 |  3.9

Action                     |  1- 3 |  4- 6 || total
---------------------------+-------+-------++-------
  Melee: Falchion          |    96 |   137 ||   233
         Headbutt          |    16 |    31 ||    47
         Punch             |     1 |     2 ||     3
  Throw: Throwing net      |       |     2 ||     2
 Armour: Animal skin       |    25 |       ||    25
         Ring mail         |    33 |    85 ||   118
  Dodge: Dodged            |    74 |    64 ||   138

Table legend: (Time is in decaauts)
 A = Elapsed time spent in this place.
 B = Non-inter-level travel time spent in this place.
 C = Inter-level travel time spent in this place.
 D = Time resting spent in this place.
 E = Time spent auto-exploring this place.
 F = Levels seen in this place.
 G = Mean time per level.
                   A        B        C        D        E       F      G
               +--------+--------+--------+--------+--------+-----+--------+
         Total |   4606 |   4002 |    604 |    785 |   2656 |   4 | 1151.5 |
       Dungeon |   4606 |   4002 |    604 |    785 |   2656 |   4 | 1151.5 |
               +--------+--------+--------+--------+--------+-----+--------+

Top non-repeatable levels by time:
     D:4: 1832 daAuts
     D:1: 1040 daAuts
     D:3: 869 daAuts
     D:2: 864 daAuts
